 Dungeon Crawl Stone Soup version 0.20-a0-443-g0464b71 (webtiles) character file.

18564 Letos the Carver (level 12, -18/84 HPs)
             Began as a Barachian Skald on Jan 6, 2017.
             Was the Champion of Cheibriados.
             Demolished by Urug
             ... wielding a +4 eveningstar of holy wrath
              (42 damage)
             ... on level 2 of the Lair of Beasts.
             The game lasted 00:33:12 (16271 turns).

Letos the Carver (Barachian Skald)                 Turns: 16271, Time: 00:33:13

Health: -18/84     AC: 19    Str: 30      XL:     12   Next: 59%
Magic:  2/15       EV: 18    Int: 26      God:    Cheibriados [******]
Gold:   671        SH:  3    Dex: 31 (32) Spells: 7/15 levels left

rFire  . . .     SeeInvis .     b - +2 scimitar
rCold  + . .     Gourm    .     A - +3 ring mail {rC+}
rNeg   . . .     Faith    .     (no shield)
rPois  .         Spirit   .     g - +2 helmet
rElec  .         Reflect  +     y - +2 cloak {+Inv}
rCorr  .         Harm     .     k - +0 pair of gloves
MR     +....                    j - +1 pair of boots
Stlth  +++.......               F - +3 amulet of reflection
                                z - ring of stealth
                                m - ring of protection from magic

@: mighty, infused, heavily drained, very slow
A: swims, talons 2, agile 1, deterioration 1, frail 1, slowness 1, MP-powered
wands, strong legs 1
a: Hop, Bend Time, Temporal Distortion, Slouch, Step From Time, Renounce
Religion, Evoke Invisibility


You were on level 2 of the Lair of Beasts.
You worshipped Cheibriados.
Cheibriados was exalted by your worship.
You were not hungry.

You visited 3 branches of the dungeon, and saw 13 of its levels.

You collected 671 gold pieces.

Inventory:

Hand Weapons
 b - a +2 scimitar (weapon)
Armour
 g - a +2 helmet (worn)
 j - a +1 pair of boots (worn)
 k - a +0 pair of gloves (worn)
 y - a +2 cloak of invisibility (worn)
 A - a +3 ring mail of cold resistance (worn)
Jewellery
 m - a ring of protection from magic (left hand)
 z - a ring of stealth (right hand)
 F - a +3 amulet of reflection (around neck)
Wands
 n - a wand of digging (8/24)
 t - a wand of digging (17/24)
 D - a wand of disintegration (4/24)
Scrolls
 f - 4 scrolls of amnesia
 i - 2 scrolls of recharging
 l - 2 scrolls of magic mapping
 p - a scroll of remove curse
 q - 4 scrolls of teleportation
Potions
 e - 2 potions of cancellation
 o - 2 potions of resistance
 r - 3 potions of brilliance
 x - 3 potions of flight
 E - a potion of beneficial mutation {unknown}
Books
 c - a book of Battle

   Spells                             Type                      Level
   a - Infusion                       Charms                       1
   b - Shroud of Golubria             Charms/Translocation         2
   c - Song of Slaying                Charms                       2
   d - Spectral Weapon                Hexes/Charms                 3
   e - Regeneration                   Charms/Necromancy            3
 C - a book of Conjurations

   Spells                             Type                      Level
   a - Magic Dart                     Conjuration                  1
   b - Searing Ray                    Conjuration                  2
   c - Dazzling Spray                 Conjuration/Hexes            3
   d - Fulminant Prism                Conjuration/Hexes            4
   e - Iskenderun's Mystic Blast      Conjuration                  4
   f - Iskenderun's Battlesphere      Conjuration/Charms           5
Comestibles
 a - 12 fruits
 d - 6 bread rations
 h - 2 royal jellies
 s - 2 slices of pizza
 u - 6 meat rations
 B - 9 beef jerkies
 G - 4 chunks of flesh


   Skills:
 + Level 8.7(6.9) Fighting
 * Level 14.8(12.7) Long Blades
 - Level 7.0(5.2) Armour
 + Level 7.9(6.1) Dodging
 - Level 2.0(0.5) Spellcasting
 + Level 4.0(2.4) Conjurations
 - Level 4.2(2.6) Hexes
 - Level 5.0(3.3) Charms
 - Level 3.0(1.4) Translocations


You had 7 spell levels left.
You knew the following spells:

 Your Spells              Type           Power        Failure   Level  Hunger
a - Infusion              Chrm           ###.         6%          1    ##.....
b - Shroud of Golubria    Chrm/Tloc      ##........   12%         2    ###....
c - Song of Slaying       Chrm           ###.....     10%         2    ###....
d - Dazzling Spray        Conj/Hex       ##....       21%         3    ####...


Dungeon Overview and Level Annotations

Branches:
Dungeon (10/15)            Temple (1/1) D:4            Lair (2/6) D:8
  Swamp: Lair:2-4    Shoals: Lair:2-4     Snake: Lair:2-4    Spider: Lair:2-4
    Orc: D:9-12

Altars:
Ashenzari
Cheibriados
Dithmenos
Elyvilon
Fedhas
Gozag
Hepliaklqana
Kikubaaqudgha
Makhleb
Nemelex Xobeh
Okawaru
Qazlal
Ru
Trog
Uskayaw
Vehumet
Yredelemnul
Zin
The Shining One

Portals:
Trove: D:10 (show slimy rune of Zot)

Annotations:
Lair:2 Urug


Innate Abilities, Weirdness & Mutations

You can swim through water.
You cover ground slowly.
You can hop short distances.
You have razor-sharp toenails.
You are agile. (Dex +2)
Your body sometimes deteriorates upon taking damage.
You are frail. (-10% HP)
You expend magic power (3 MP) to strengthen your wands.


Message History

The flow of time bends around you.
You feel slightly more hungry.
Urug drinks a potion.
Urug goes berserk!
You feel better.
You hear a shout!
Some of the chunks of flesh in your inventory have rotted away.
You feel very mighty all of a sudden. Urug misses you.
You hit Urug.
Urug is lightly wounded.
Urug hits you with an eveningstar of holy wrath!!
* * * LOW HITPOINT WARNING * * *
Your shroud falls apart!
Okay, then.
Okay, then.
Casting: Shroud of Golubria
Confirm with . or Enter, or press ? or * to list all spells.
Space distorts slightly along a thin shroud covering your body.
Urug hits you with an eveningstar of holy wrath!!!
Ouch! That really hurt!
You die...

#.......>........................
.................................
.................รท...............
.................................
..................(..............
.................................
.................................
.....#............>..............
#...####...P#P..@................
....P# .#####..o#P###.#..........
...P## # #P(#### ###.#.##.###.
....# ##..# ######## ## ..### #..#
..# #.## .## ..# .# #.. .. #o.


You could see Urug (berserk).

Vanquished Creatures
  2 two-headed ogres
  The ghost of Dharzhak the Cleaver, a novice MiFi of Gozag (D:8)
  Sonja (Lair:2)
  The ghost of M4edhros the Covert, a novice OpAr of Fedhas (D:7)
  An elephant (D:7)
  A black mamba (Lair:1)
  A centaur zombie (D:10)
  4 spiny frogs (Lair:1)
  A komodo dragon (Lair:1)
  9 blink frogs (Lair:1)
  6 hippogriffs
  A shadow (D:10)
  15 yaks (Lair:1)
  2 basilisks
  A hungry ghost (D:10)
  Eustachio (D:4)
  2 nagas (Lair:2)
  5 water moccasins
  8 porcupines
  A sky beast (D:6)
  3 black bears
  2 orc warriors
  8 ice beasts
  3 phantoms
  3 wolves (Lair:1)
  7 ogres
  2 centaurs
  9 crocodiles
  2 big kobolds
  6 bullfrogs
  2 wyvern skeletons
  2 scorpions
  A water moccasin skeleton (D:7)
  8 wights (D:9)
  4 howler monkeys
  2 bullfrog zombies
  4 crimson imps
  2 hounds
  An orc priest (D:6)
  A gnoll shaman (D:5)
  6 jellies
  A quasit (D:9)
  A bullfrog skeleton (D:4)
  A centaur skeleton (D:10)
  4 iguanas
  Natasha (thrice) (D:2)
  7 orc wizards
  9 worker ants
  A killer bee zombie (D:7)
  2 hound zombies
  2 hound skeletons (D:4)
  2 howler monkey zombies
  10 gnolls
  8 adders
  A shadow imp (D:9)
  An adder zombie (D:7)
  3 adder skeletons
  3 worms
  A dart slug (D:1)
  12 leopard geckos
  25 orcs
  2 ball pythons
  9 bats
  7 giant cockroaches
  2 goblins
  10 hobgoblins
  3 jackals (D:7)
  24 kobolds
  7 quokkas
  13 frilled lizards
  A quokka skeleton (D:4)
  9 rats
326 creatures vanquished.

Vanquished Creatures (others)
  A killer bee zombie (D:5)
  10 fungi (Lair:1)
  11 plants
22 creatures vanquished.

Grand Total: 348 creatures vanquished

Notes
Turn   | Place    | Note
-------+----------+-------------------------------------------
     0 | D:1      | Letos the Barachian Skald began the quest for the Orb.
     0 | D:1      | Reached XP level 1. HP: 16/16 MP: 3/3
   377 | D:1      | Reached skill level 3 in Long Blades
   377 | D:1      | Reached XP level 2. HP: 11/22 MP: 5/5
  1292 | D:1      | Reached XP level 3. HP: 15/27 MP: 2/6
  1631 | D:2      | Noticed Natasha
  1649 | D:2      | Killed Natasha
  1649 | D:2      | Reached skill level 4 in Long Blades
  1846 | D:1      | Learned a level 2 spell: Shroud of Golubria
  1849 | D:1      | Learned a level 2 spell: Song of Slaying
  1893 | D:2      | Reached XP level 4. HP: 31/33 MP: 3/7
  2111 | D:2      | Noticed Natasha
  2123 | D:2      | Killed Natasha
  2123 | D:2      | Reached skill level 5 in Long Blades
  2184 | D:2      | Noticed Natasha
  2196 | D:2      | Killed Natasha
  2196 | D:2      | Reached XP level 5. HP: 14/38 MP: 4/8
  3776 | D:3      | Reached skill level 6 in Long Blades
  3983 | D:3      | Reached skill level 1 in Translocations
  4061 | D:3      | Noticed an ice beast
  4079 | D:3      | Killed an ice beast
  4079 | D:3      | Reached XP level 6. HP: 44/44 MP: 3/9
  4506 | D:4      | Reached skill level 7 in Long Blades
  4853 | D:4      | Found a staircase to the Ecumenical Temple.
  4856 | D:4      | Noticed Eustachio
  4920 | D:4      | Killed Eustachio
  4920 | D:4      | Reached XP level 7. HP: 43/50 MP: 4/10
  4950 | Temple   | Entered the Ecumenical Temple
  5120 | Temple   | Became a worshipper of Cheibriados the Contemplative
  5273 | D:4      | Reached skill level 8 in Long Blades
  5668 | D:4      | Reached * piety under Cheibriados
  6094 | D:5      | Entered Level 5 of the Dungeon
  6095 | D:5      | Gained mutation: Your body sometimes deteriorates upon taking damage. [potion of mutation]
  6095 | D:5      | Gained mutation: You have sharp toenails. [potion of mutation]
  6095 | D:5      | Gained mutation: You have razor-sharp toenails. [potion of mutation]
  6117 | D:5      | Found a stormy altar of Qazlal.
  6286 | D:5      | Reached XP level 8. HP: 36/56 MP: 11/11
  6754 | D:5      | Reached skill level 9 in Long Blades
  6812 | D:5      | You fall through a shaft!
  6839 | D:6      | Found a sparkling altar of Nemelex Xobeh.
  7438 | D:6      | HP: 2/56 [orc warrior/long sword (11)]
  7445 | D:6      | Reached ** piety under Cheibriados
  7445 | D:6      | Reached skill level 10 in Long Blades
  7603 | D:5      | Reached skill level 5 in Charms
  7996 | D:6      | Found a sacrificial altar of Ru.
  8060 | D:6      | Reached XP level 9. HP: 52/62 MP: 12/12
  8385 | D:6      | Found a hazy altar of Hepliaklqana.
  8636 | D:7      | Noticed M4edhros's ghost (novice OpAr)
  8651 | D:7      | Killed M4edhros's ghost
  8747 | D:7      | Learned a level 3 spell: Dazzling Spray
  8764 | D:7      | Reached skill level 11 in Long Blades
  9010 | D:7      | Reached *** piety under Cheibriados
  9019 | D:7      | Found a bloodstained altar of Trog.
  9528 | D:8      | Found a staircase to the Lair.
  9528 | D:8      | Noticed an elephant
  9721 | D:8      | Reached XP level 10. HP: 68/73 MP: 3/13
  9723 | D:8      | Reached skill level 5 in Fighting
  9844 | D:8      | Noticed Dharzhak's ghost (novice MiFi)
 10055 | D:7      | Killed an elephant
 10076 | D:7      | Reached skill level 12 in Long Blades
 10249 | D:7      | Reached **** piety under Cheibriados
 10314 | D:7      | Reached skill level 5 in Armour
 10539 | D:8      | Reached skill level 5 in Dodging
 10655 | D:8      | Found a glowing silver altar of Zin.
 10846 | D:8      | HP: 3/76 [Dharzhak's ghost (15)]
 10856 | Lair:1   | Entered Level 1 of the Lair of Beasts
 10980 | Lair:1   | Noticed a spiny frog
 10993 | Lair:1   | Killed a spiny frog
 11692 | D:9      | Found a shattered altar of Ashenzari.
 11768 | D:9      | Reached ***** piety under Cheibriados
 11896 | D:9      | Noticed a two-headed ogre
 11909 | D:9      | Killed a two-headed ogre
 12257 | D:9      | Reached skill level 13 in Long Blades
 12271 | D:9      | Reached XP level 11. HP: 79/83 MP: 14/14
 12473 | D:9      | Found an ancient bone altar of Kikubaaqudgha.
 12474 | D:9      | Found a blossoming altar of Fedhas.
 12529 | D:9      | You fall through a shaft!
 12529 | D:10     | Entered Level 10 of the Dungeon
 12597 | D:10     | Noticed a two-headed ogre
 12606 | D:10     | Killed a two-headed ogre
 12833 | D:9      | Gained mutation: You expend magic power (3 MP) to strengthen your wands. [potion of mutation]
 12833 | D:9      | Gained mutation: You can translocate small distances at will. [potion of mutation]
 12833 | D:9      | Lost mutation: You can translocate small distances at will. [potion of mutation]
 12834 | D:9      | Gained mutation: You are frail. (-10% HP) [potion of mutation]
 12834 | D:9      | Gained mutation: You are agile. (Dex +2) [potion of mutation]
 13442 | D:10     | Found a portal to a secret trove of treasure.
 13899 | D:8      | Killed Dharzhak's ghost
 13899 | D:8      | Reached skill level 1 in Conjurations
 13899 | D:8      | Reached skill level 1 in Hexes
 14288 | Lair:1   | Reached skill level 14 in Long Blades
 14292 | Lair:1   | Reached ****** piety under Cheibriados
 14659 | Lair:1   | Reached XP level 12. HP: 68/82 MP: 13/15
 14700 | Lair:1   | Noticed a seven-headed hydra
 15906 | Lair:2   | Noticed Sonja
 15928 | Lair:2   | Killed Sonja
 16136 | Lair:2   | Noticed a death yak
 16137 | Lair:2   | Noticed a death yak
 16138 | Lair:2   | Noticed a death yak
 16138 | Lair:2   | Noticed a death yak
 16257 | Lair:2   | Noticed Urug
 16271 | Lair:2   | Demolished by Urug

Vault maps used:
D:1:      scummos_arrival_simple_fountains, minmay_door_square,
          minmay_pentomino_p2
D:2:      uniq_natasha
D:4:      first_bread, minmay_lizard_king, uniq_eustachio
D:5:      grunt_qazlal_clouds, kennysheep_generic_room_6
D:6:      marbit_many_paths, lemuel_round_altar, nemelex_diamond_rough_becter
D:7:      nicolae_overflow_hidden_temple, grunt_ogre_cave
D:8:      overflow_temple_1_default, david_lair_generic, minmay_misc_feat_doors
D:9:      grunt_temple_overflow_growth_and_decay, ashenzari_conservatory_becter
D:10:     enter_trove_2
Temple:   nicolae_temple_figure_eight
Lair:1:   beast_lair_carwin_9, lemuel_fruit_tree, infiniplex_staircase_pool_2
Lair:2:   minmay_shoals_entry_centaurs, minmay_snake_entry_guardpost_small,
          st_stairs_8, uniq_sonja, uniq_urug

Skill      XL: |  1  2  3  4  5  6  7  8  9 10 11 12 |
---------------+-------------------------------------+-----
Long Blades    | 3 4 5 6 7 8 10 11 13 14 | 14.8
Translocations | 1 2 3 |  3.0
Charms         | 5 |  5.0
Armour         | 4 6 7 |  7.0
Fighting       | 4 6 7 8 |  8.7
Dodging        | 4 5 7 |  7.9
Conjurations   | 2 4 |  4.0
Hexes          | 2 4 |  4.2
Spellcasting   | |  2.0

Action                   |  1- 3 |  4- 6 |  7- 9 | 10-12 || total
-------------------------+-------+-------+-------+-------++-------
Melee: Falchion          |    99 |   256 |   256 |       ||   611
       Long sword        |       |       |   227 |   262 ||   489
       Scimitar          |       |       |       |   477 ||   477
 Cast: Infusion          |     6 |    11 |    16 |    22 ||    55
       Shroud of Golubri |       |       |     1 |    21 ||    22
       Song of Slaying   |       |       |       |     2 ||     2
       Dazzling Spray    |       |       |       |     5 ||     5
Invok: Bend Time         |       |       |       |     2 ||     2
 Abil: Hop               |       |     1 |     2 |     3 ||     6
Evoke: Wand              |       |       |     2 |     2 ||     4
  Use: Potion            |       |     2 |     8 |     5 ||    15
       Scroll            |       |    12 |     5 |     8 ||    25
 Stab: Sleeping          |       |       |       |     6 ||     6
  Eat: Chunk             |     4 |    11 |    10 |    10 ||    35
       Bread ration      |       |       |       |     2 ||     2
Armor: Leather armour    |    27 |   114 |    28 |       ||   169
       Ring mail         |       |       |   160 |   248 ||   408
Dodge: Dodged            |    54 |   172 |   219 |   539 ||   984
Block: Other             |       |       |       |    27 ||    27
       Rpst.: Falchion   |    16 |    53 |    26 |       ||    95
       Long sword        |       |       |    27 |    52 ||    79
       Scimitar          |       |       |       |   106 ||   106
